 Dungeon Crawl Stone Soup version 0.29.1-15-g9cfb28693d (webtiles) character file.

Game seed: 18020077780267395702

130 leafyfresh the Sneak (level 5, 0/37 HPs)
             Began as an Octopode Delver on Feb 25, 2023.
             Slain by a lemure (8 damage)
             ... led by Pikel
             ... on level 3 of the Dungeon.
             The game lasted 00:04:31 (4981 turns).

leafyfresh the Sneak (Octopode Delver)              Turns: 4981, Time: 00:04:32

Health: 0/37       AC:  1    Str: 11    XL:     5   Next: 14%
Magic:  5/5        EV: 14    Int: 15    God:
Gold:   248        SH:  0    Dex: 13    Spells: 4/4 levels left

rFire   . . .      SeeInvis .   a - +0 short sword
rCold   . . .      Faith    .   (no shield)
rNeg    . . .      Spirit   .   (helmet restricted)
rPois   .          Reflect  .   (no amulet)
rElec   .          Harm     .   (no ring)
rCorr   .          Rampage  .   (no ring)
Will    .....                   (no ring)
Stlth   +++++.....              (no ring)
HPRegen 0.12/turn               (no ring)
MPRegen 0.09/turn               (no ring)
                                (no ring)
                                (no ring)

@: no status effects
A: almost no armour, amphibious, 8 rings, camouflage 1, gelatinous body 1,
(nimble swimmer 1), tentacles
a: no special abilities


You were on level 3 of the Dungeon.
You visited 1 branch of the dungeon, and saw 5 of its levels.

You collected 248 gold pieces.

Inventory:

Hand Weapons
 a - a +0 short sword (weapon)
Missiles
 j - a throwing net (quivered)
Magical Staves
 r - a staff of cold
Jewellery
 o - a ring of fire
 u - a ring of poison resistance
Wands
 f - a wand of digging (3)
Scrolls
 b - a scroll of fog
 c - a scroll of magic mapping
 g - a scroll of immolation {unknown}
 h - 2 scrolls of butterflies {unknown}
 i - 2 scrolls of identify {unknown}
 l - 2 scrolls of brand weapon {unknown}
 n - a scroll of poison {unknown}
 s - a scroll of enchant weapon {unknown}
 t - a scroll of enchant armour {unknown}
 v - a scroll of vulnerability {unknown}
Potions
 e - 3 potions of haste
 k - a potion of brilliance {unknown}
 m - a potion of berserk rage {unknown}
 p - a potion of lignification {unknown}
 q - a potion of resistance {unknown}


   Skills:
 + Level 4.1 Fighting
 - Level 2.1 Short Blades
 + Level 3.2 Dodging
 + Level 7.7 Stealth


You had 4 spell levels left.
You didn't know any spells.
Your spell library contained the following spells:

 Spells                   Type           Power      Damage    Failure   Level
 Conjure Flame            Conj/Fire      0%         6-21      63%         3
 Ignite Poison            Fire/Tmut/Pois 0%         N/A       63%         3
 Sticky Flame             Conj/Fire      0%         2d3       95%         4


Dungeon Overview and Level Annotations

Branches:
Dungeon (5/15)
 Temple: D:4-7

Altars:
Dithmenos
Gozag
Makhleb
The Shining One

Shops:
D:4 =

Annotations:
D:3 Edmund
D:4 Pikel


Innate Abilities, Weirdness & Mutations

You cannot wear most types of armour.
You are amphibious.
You can wear up to eight rings at the same time.
Your skin changes colour to match your surroundings (Stealth+).
Your rubbery body absorbs attacks. (AC +1, EV +1)
((You are camouflaged when in or above water. (Stealth+)))
You have tentacles for arms and can constrict up to eight enemies at once.


Message History

Done exploring.
There is a stone staircase leading up here.
There is a stone staircase leading down here.
You climb downwards.
Level annotation: Pikel The lemure barely misses you.
The lemure misses you.
There is a stone staircase leading up here.
There are monsters nearby!
Pikel shouts!
You hit the lemure. You grab the lemure.
The lemure is lightly wounded.
You constrict the lemure. The lemure barely misses you.
Pikel says, "Hell isn't that bad."
There are monsters nearby!
You release your grip on the lemure.
The lemure completely misses you.
Pikel zaps a wand.
The bolt of acid hits you!
You climb upwards.
Level annotation: Edmund
There is a stone staircase leading down here.
You hit the lemure. Your grab misses the lemure. You squeeze the lemure.
The lemure is heavily wounded.
The lemure barely misses you.
You barely miss the lemure. You grab the lemure.
The lemure is heavily wounded.
You constrict the lemure. The lemure hits you!
You hit the lemure but do no damage.
The lemure is heavily wounded.
You constrict the lemure. The lemure hits you!
* * * LOW HITPOINT WARNING * * *
You are too injured to fight recklessly!
You are too injured to fight recklessly!
Unknown command.
You hit the lemure.
The lemure is severely wounded.
You constrict the lemure. The lemure hits you.
* * * LOW HITPOINT WARNING * * *
You hit the lemure but do no damage.
The lemure is severely wounded.
You constrict the lemure. The lemure hits you!
You die...

....# #..##.#.# #.##.#
#.###### ....#
##.##.#.###)##.#####.######
######
#.........................
.....#
####.#........#####.######
.....# #.#.##.....#####.#
.....# #.....<.......##.#
.....# #.#.#.........##.#
.....# #.#.#.........##.#
.....######.#.#.@.......##<#
....(+........#..5......####
.....######.###.........#
###### ####.# #.........# #
#....# ##'######## # #.§..#
#.# # ##§§.## #.#
#######§§..§## #.#
....##§§§.§§§###.#


You could see a lemure.

Vanquished Creatures
  A lemure (D:3)
  5 adders
  2 worms
  A dart slug (D:5)
  4 orcs
  7 ball pythons
  7 bats
  5 endoplasms
  2 giant cockroaches
  5 hobgoblins
  3 jackals (D:3)
  4 quokkas
  8 frilled lizards
  7 goblins
  6 kobolds
  4 rats
71 creatures vanquished.

Notes
Turn   | Place    | Note
-------+----------+-------------------------------------------
     0 | D:5      | leafyfresh the Octopode Delver began the quest for the Orb.
     0 | D:5      | Reached XP level 1. HP: 16/16 MP: 1/1
   160 | D:4      | Noticed Edmund
   160 | D:4      | Found Weopp's Jewellery Emporium.
   165 | D:4      | Noticed a lemure
   165 | D:4      | Noticed a lemure
   166 | D:4      | Noticed a lemure
   170 | D:4      | Noticed Pikel
   186 | D:3      | Reached XP level 2. HP: 21/21 MP: 2/2
   205 | D:3      | Found a shadowy altar of Dithmenos.
   505 | D:3      | Reached skill level 7 in Stealth
   509 | D:3      | Reached XP level 3. HP: 19/26 MP: 3/3
   731 | D:3      | Found a glowing golden altar of the Shining One.
   881 | D:3      | Found an opulent altar of Gozag.
  1251 | D:3      | Reached XP level 4. HP: 32/32 MP: 4/4
  2152 | D:2      | You fall into a shaft and drop 1 floor!
  3617 | D:1      | Reached XP level 5. HP: 37/37 MP: 5/5
  3629 | D:1      | Found a faded altar of an unknown god.
  4143 | D:1      | Found a burning altar of Makhleb.
  4923 | D:3      | Killed a lemure
  4981 | D:3      | Slain by a lemure

Illustrated notes

Levels and vault maps discovered:
D:1:      dpeg_arrival_water_altar, layout_basic,
          hellmonk_ecumenical_altar_lost_god, grunt_decor_cap,
          minmay_misc_feat_nine_boxes, minmay_stone_trees_small
D:2:      layout_basic
D:3:      layout_basic, mainiacjoe_overflow_boulevard,
          nicolae_overflow_crystal_walls, nicolae_dithmenos_the_darkroom
D:4:      layout_cave_pools, lemuel_round_altar, serial_shops, shop,
          gammafunk_ghost_grave, minmay_fractal_squares_diagonal_5, uniq_pikel,
          uniq_edmund, uniq_crazy_yiuf_cottage
D:5:      layout_gridville, mainiacjoe_overflow_alcove_2,
          minmay_temple_entry_from_below_a

Skill      XL: |  1  2  3  4 |
---------------+-------------+-----
Stealth        | 7 |  7.7
Dodging        | 3 |  3.2
Fighting       | 4 |  4.1
Short Blades   | |  2.1

Action                   |  1- 3 |  4- 6 || total
-------------------------+-------+-------++-------
Melee: Short sword       |    58 |    91 ||   149
       Constrict         |    15 |    17 ||    32
       Tentacles         |     5 |    12 ||    17
       Punch             |       |     1 ||     1
  Use: Scroll            |       |     1 ||     1
 Stab: Sleeping          |     7 |    23 ||    30
       Distracted        |       |     1 ||     1
Armor: Skin              |     9 |     6 ||    15
Dodge: Dodged            |    41 |    51 ||    92
